 Dungeon Crawl Stone Soup version 0.31-a0-267-g3fc6992b3b (webtiles) character file.

Game seed: 17409043376431618150

39 qw the Shooter (level 3, 0/21 HPs)
             Began as a Gargoyle Hexslinger on July 14, 2023.
             Slain by a black bear (7 damage)
             ... on level 4 of the Dungeon.
             The game lasted 00:00:23 (1229 turns).

qw the Shooter (Gargoyle Hexslinger)                Turns: 1229, Time: 00:00:23

Health: 0/21       AC:  5    Str: 11    XL:     3   Next: 45%
Magic:  4/4        EV: 12    Int: 13    God:
Gold:   137        SH:  0    Dex: 14    Spells: 3/4 levels left

rFire   . . .        Y - +1 sling
rCold   . . .        (no shield)
rNeg    + . .        c - +0 robe
rPois   inf          (no helmet)
rElec   +            (no cloak)
rCorr   .            (no gloves)
SInv    .            (no boots)
Will    .....        (no amulet)
Stlth   +            (no ring)
HPRegen 0.23/turn    (no ring)
MPRegen 0.09/turn

%: no passive effects
@: no status effects
A: sickness immunity, AC +3, negative energy resistance 1, electricity
resistance, torment resistance 1, petrification resistance
a: no special abilities


You were on level 4 of the Dungeon.
You visited 1 branch of the dungeon, and saw 3 of its levels.

You collected 137 gold pieces.


Innate Abilities, Weirdness & Mutations

You are immune to sickness and miasma.
Your stone body is resilient. (AC +3)
You are immune to poison.
You resist negative energy. (rN+)
You are resistant to electric shocks. (rElec)
You are resistant to unholy torment.
You are immune to petrification.


   Skills:
 - Level 2.0 Fighting
 + Level 3.3 Ranged Weapons
 - Level 1.5 Dodging
 - Level 1.0 Spellcasting
 - Level 2.6 Hexes


You had 3 spell levels left.
You knew the following spells:

 Your Spells              Type           Power      Damage    Failure   Level
a - Slow                  Hex            28%        N/A       10%         1

Your spell library contained the following spells:

 Spells                   Type           Power      Damage    Failure   Level
 Inner Flame              Hex/Fire       4%         N/A       43%         3
 Portal Projectile        Hex/Tloc       8%         N/A       43%         3
 Cause Fear               Hex            3%         N/A       67%         4

Inventory:

Hand Weapons
 Y - a +1 sling (weapon)
Armour
 c - a +0 robe (worn)
Scrolls
 a - a scroll of fog {unknown}
 b - a scroll of blinking {unknown}
 g - a scroll of amnesia {unknown}
Potions
 d - a potion of might {unknown}
 e - a potion of curing {unknown}
 f - a potion of cancellation {unknown}

Dungeon Overview and Level Annotations

Branches:
Dungeon (2/15)

Altars:


Message History

Enter note:
There is an open door here.
There is an open door here.
There is an open door here.
You see here a giant cockroach corpse.
g - a scroll labelled TUXEQUD RAOCH
Enter note:
Enter note:
Enter note:
Enter note:
Enter note:
Enter note: A sourceless malevolence fills the Dungeon...
You fall into a shaft and drop 2 floors!
The shaft crumbles and collapses.
You see here a wand of paralysis (3).
You open the door.
A giant cockroach comes into view.
Found 29 gold pieces.
Waypoint 2 assigned to D:4.
You shoot a sling bullet.
The sling bullet hits the giant cockroach.
You kill the giant cockroach!
You hear an angry growl.
A black bear comes into view.
The black bear growls angrily.
There is an open door here.
You shoot a sling bullet. The sling bullet hits the black bear.
The black bear is lightly wounded.
The black bear bites you. The black bear claws you.
The black bear completely misses you.
You shoot a sling bullet.
The sling bullet barely misses the black bear.
The black bear bites you.
The black bear claws you but does no damage.
The black bear claws you.
You shoot a sling bullet.
The sling bullet hits the black bear but does no damage.
The black bear is lightly wounded.
The black bear bites you!
You die...

####+
##...#
#....+
#./..#
#.####
#@#
#..h...#
#......#
+......#
#..$...#
#......#
#.$....#
########


You could see a black bear.

Vanquished Creatures
  4 bats
  5 endoplasms
  3 giant cockroaches
  A goblin (D:1)
  2 hobgoblins
  3 jackals (D:1)
  3 kobolds
  A quokka (D:1)
  5 ball pythons
  2 frilled lizards (D:1)
  4 rats (D:1)
33 creatures vanquished.

Notes
Turn   | Place    | Note
-------+----------+-------------------------------------------
     0 | D:1      | qw the Gargoyle Hexslinger began the quest for the Orb.
     0 | D:1      | Reached XP level 1. HP: 12/12 MP: 2/2
     0 | D:1      | 0 ||| qw: Version: 0.3-a-52-g30416fa
     0 | D:1      | 0 ||| qw: Game counter: 7810
     0 | D:1      | 0 ||| qw: Melee chars always use a shield: true
     0 | D:1      | 0 ||| qw: God list: Okawaru
     0 | D:1      | 0 ||| qw: Allow faded altars: false
     0 | D:1      | 0 ||| qw: Do Orc after clearing Dungeon:15 true
     0 | D:1      | 0 ||| qw: Do second Lair branch before Depths: true
     0 | D:1      | 0 ||| qw: Lair rune preference: random
     0 | D:1      | 0 ||| qw: Goals: Normal
     0 | D:1      | 0 ||| PLANNING D:1-11
   161 | D:1      | Reached XP level 2. HP: 16/16 MP: 3/3
   276 | D:1      | Reached skill level 3 in Ranged Weapons
   499 | D:1      | Reached XP level 3. HP: 21/21 MP: 4/4
   819 | D:1      | 819 ||| READING scroll labelled TONOGR ULOUBBA.
   824 | D:1      | 824 ||| DROPPING scroll of poison.
  1220 | D:2      | You fall into a shaft and drop 2 floors!
  1226 | D:4      | Noticed a black bear
  1229 | D:4      | Slain by a black bear

Levels and vault maps discovered:
D:1:      amcnicky_arrival_double_pillar, layout_loops_ring, dk_noncrumbling_3
D:2:      layout_loops_corners, nrook_mini_backslash, nicolae_titane,
          uniq_natasha
D:4:      layout_basic, mainiacjoe_overflow_alcove_2, temple_doors_e,
          uniq_blork_the_orc, uniq_grinder

Skill      XL: |  1  2 |
---------------+-------+-----
Ranged Weapons | 3 |  3.3
Fighting       | 2 |  2.0
Dodging        | |  1.5
Spellcasting   | |  1.0
Hexes          | |  2.6

Action                     || total
---------------------------++-------
   Fire: Sling             ||    89
    Use: Scroll            ||     1
 Armour: Robe              ||    11
  Dodge: Dodged            ||    17

Table legend:
 A = Non-vault XP
 B = Vault XP
 C = Vault XP percentage of total XP
 D = Non-vault monster count
 E = Vault monster count
 F = Vault count percentage of total count
                 A         B        C        D         E       F
            +---------+---------+-------+---------+---------+-------
      Total |      56 |       0 |   0.0 |      33 |       0 |   0.0
            +---------+---------+-------+---------+---------+-------
        D:1 |      42 |       0 |   0.0 |      25 |       0 |   0.0
        D:2 |      12 |       0 |   0.0 |       7 |       0 |   0.0
        D:4 |       2 |       0 |   0.0 |       1 |       0 |   0.0
            +---------+---------+-------+---------+---------+-------
